 Dungeon Crawl Stone Soup version 0.26.0-10-g1f06aea511 (webtiles) character file.

Game seed: 14305396807148099814

28 lastplaneout the Grave Robber (level 3, -8/24 HPs)
             Began as a Barachi Necromancer on Jan 14, 2021.
             Mangled by a gnoll
             ... wielding a +0 flail
              (11 damage)
             ... on level 2 of the Dungeon.
             The game lasted 00:03:15 (1854 turns).

lastplaneout the Grave Robber (Barachi Necromancer) Turns: 1854, Time: 00:03:15

Health: -8/24      AC:  2    Str:  9    XL:     3   Next: 14%
Magic:  6/6        EV: 12    Int: 16    God:
Gold:   62         SH:  0    Dex: 12    Spells: 1/6 levels left

rFire    . . .     SeeInvis .   (no weapon)
rCold    . . .     Faith    .   (no shield)
rNeg     . . .     Spirit   .   a - +0 robe
rPois    .         Reflect  .   (no helmet)
rElec    .         Harm     .   (no cloak)
rCorr    .         Rampage  .   (no gloves)
Will     .....                  (no boots)
Stlth    ++........             (no amulet)
HPRegen  0.08/turn              (no ring)
MPRegen  0.10/turn              (no ring)

@: slow
A: +LOS, swims, slowness 1, strong legs 1
a: Hop


You were on level 2 of the Dungeon.
You visited 1 branch of the dungeon, and saw 2 of its levels.

You collected 62 gold pieces.

Inventory:

Armour
 a - a +0 robe (worn)
Scrolls
 c - 3 scrolls of identify {unknown}
 h - 2 scrolls of teleportation {unknown}
 j - a scroll of blinking {unknown}
Potions
 b - a potion of berserk rage {unknown}
 d - 2 potions of attraction {unknown}
 e - a potion of heal wounds {unknown}
 f - a potion of degeneration {unknown}
 g - a potion of cancellation {unknown}
 i - 2 potions of flight {unknown}


   Skills:
 - Level 2.1 Dodging
 - Level 1.7 Stealth
 - Level 2.1 Spellcasting
 + Level 4.5 Necromancy


You had one spell level left.
You knew the following spells:

 Your Spells              Type           Power        Failure   Level
a - Pain                  Necr           64%          3%          1
b - Animate Skeleton      Necr           32%          3%          1
c - Vampiric Draining     Necr           8%           10%         3

Your spell library contained the following spells:

 Spells                   Type           Power        Failure   Level
 Animate Dead             Necr           8%           30%         4
 Agony                    Necr           16%          65%         5


Dungeon Overview and Level Annotations

Branches:
Dungeon (2/15)

Altars:


Innate Abilities, Weirdness & Mutations

You can be seen from farther away. (+LOS)
You can swim through water.
You cover ground slowly.
You can hop short distances.


Message History

You feel sick.
You feel sick.
Unknown command.
You feel sick.
You feel sick.
You feel sick.
You feel sick.
You feel sick.
Your bat skeleton crumbles into dust!
You feel sick.
You feel sick.
You feel sick.
There is a stone staircase leading down here.
You can't go up here!
You feel sick.
You are no longer poisoned.
The gnoll hits you with a +0 flail!
* * * LOW HITPOINT WARNING * * *
The gnoll hits you with a +0 flail!
You die...

##...##.######........((........
#....##.#....gg)................
#....##.##.##...................
'......gg...#.##'##########.....
#...###.#...#.##.########## g...
#.......................... ...
#...g##.#...#.##.########## ..
####.##.#####.##.# # #.##..
..##@# #.###########g####.#.
#>........g.g.......#
####################....#
...........).....# ...
.......####......# .
.................#
######.####......# .......#
#......#


You could see 2 gnolls.

Vanquished Creatures
  An adder (D:2)
  A dart slug (D:1)
  3 bats
  A goblin (D:1)
  2 hobgoblins (D:1)
  2 kobolds
  2 quokkas (D:2)
  2 frilled lizards
  A rat (D:1)
15 creatures vanquished.

Vanquished Creatures (collateral kills)
  A goblin (D:2)
1 creature vanquished.

Grand Total: 16 creatures vanquished

Notes
Turn   | Place    | Note
-------+----------+-------------------------------------------
     0 | D:1      | lastplaneout the Barachi Necromancer began the quest for
                  | the Orb.
     0 | D:1      | Reached XP level 1. HP: 13/13 MP: 3/3
   609 | D:1      | Reached skill level 4 in Necromancy
   609 | D:1      | Reached XP level 2. HP: 16/19 MP: 1/5
   615 | D:1      | Learned a level 1 spell: Animate Skeleton
  1642 | D:2      | Reached XP level 3. HP: 13/24 MP: 2/6
  1775 | D:2      | Learned a level 3 spell: Vampiric Draining
  1854 | D:2      | Mangled by a gnoll

Illustrated notes

Levels and vault maps discovered:
D:1:      psy_arrival_conway, layout_basic
D:2:      wad_pebble_path, layout_basic, led_sif_pool

Skill      XL: |  1 |
---------------+----+-----
Necromancy     | 4 |  4.5
Dodging        | |  2.1
Stealth        | |  1.7
Spellcasting   | |  2.1

Action                   || total
-------------------------++-------
Melee: Unarmed           ||     4
 Cast: Pain              ||    36
       Animate Skeleton  ||     6
Armor: Robe              ||     2
Dodge: Dodged            ||    15
